Cogmind - Beta 13 @@@ ROGUE MODE // 2024.05.07 @ 00:38:30 Player: Meadow Evergreen Result: Destroyed by G-34 Mercenary with Small Laser Performance ------------- Evolutions (0) 0 Regions Visited (2) 400 Robots Destroyed (5) 25 Value Destroyed (111) 111 Prototype IDs (1) 20 Alien Tech Used (0) 0 Bonus (0) 0 TOTAL SCORE: 556 Bonus ------- None Cogmind --------- Core Integrity 0/250 Matter 281/300 Energy 100/100 System Corruption 0% Temperature Cool (15) Movement Core (1350) Ox26 Location -10/Mines Parts ------- > --- POWER (1) -------- (None) > --- PROPULSION (2) --- (None) > --- UTILITY (2) ------ Huge Storage Unit > --- WEAPON (2) ------- (None) > --- INVENTORY (25) --- Light Ion Engine Heavy Ion Engine Heavy Ion Engine Heavy Ion Engine Improved Aluminum Leg Improved Aluminum Leg Improved Aluminum Leg Improved Heat Sink Weight Redist. System Tractor Beam Peak State ------------ > --- POWER ------------ Heavy Ion Engine > --- PROPULSION ------- Aluminum Leg Improved Aluminum Leg > --- UTILITY ---------- Huge Storage Unit Structural Scanner > --- WEAPON ----------- Small Laser Light Assault Rifle > --- INVENTORY -------- Light Ion Engine Heavy Ion Engine Heavy Ion Engine Heavy Ion Engine Improved Aluminum Leg Improved Aluminum Leg Improved Aluminum Leg Improved Heat Sink Weight Redist. System Tractor Beam Light Assault Rifle Light Assault Rifle [Rating: 12] Favorites ----------- Power Heavy Ion Engine Engine Heavy Ion Engine Propulsion Aluminum Leg Leg Aluminum Leg Utility Structural Scanner Device Structural Scanner Storage Huge Storage Unit Weapon Light Assault Rifle Energy Gun Small Laser Ballistic Gun Light Assault Rifle Build | -11 -10 -10 ------- Run | Yrd Mat Min Slots Evolved . | . . . Power . | . . . Propulsion . | . . . Utility . | . . . Weapon . | . . . Parts Attached 14 | 6 8 . Power 2 | 1 1 . Engine 2 | 1 1 . Core . | . . . Reactor . | . . . Propulsion 3 | 2 1 . Treads . | . . . Leg 3 | 2 1 . Wheel . | . . . Hover . | . . . Flight . | . . . Utility 4 | 1 3 . Device 1 | . 1 . Storage 3 | 1 2 . Processor . | . . . Hackware . | . . . Protection . | . . . Artifact . | . . . Weapon 5 | 2 3 . Energy Gun 1 | . 1 . Energy Cannon . | . . . Ballistic Gun 4 | 2 2 . Ballistic Cannon . | . . . Launcher . | . . . Special Weapon . | . . . Impact Weapon . | . . . Slashing Weapon . | . . . Piercing Weapon . | . . . Special Melee Weapon . | . . . Unidentified Prototypes 1 | . 1 . Parts Lost 7 | . 1 6 Power 1 | . . 1 Propulsion 3 | . 1 2 Utility 1 | . . 1 Weapon 2 | . . 2 Highest Loss Streak 6 | . 1 6 To Critical Strikes . | . . . Average Slot Usage (%) 96 | . 98 91 Engine 13 | . 14 13 Leg 26 | . 27 24 Device 13 | . 13 12 Storage 14 | . 14 14 Energy Gun 7 | . 10 . Ballistic Gun 19 | . 17 24 Naked Turns . | . . . Heaviest Build 91 | 12 91 91 Greatest Support 23 | 20 23 23 Greatest Overweight (x) 29 | . 4 29 Average Overweight (x) 2 | . 2 3 Largest Inventory Capacity 25 | 8 25 25 Average Capacity 19 | 7 22 25 Most Carried 13 | 5 13 10 Average Carried 7 | 2 8 10 Final Capacity 25 | 8 25 25 Final Carried 10 | 2 10 10 Class Distribution -------------------- 100% | Mutant Dominant Class ---------------- Mutant | -10/Materials Mutant | -10/Mines Resources | -11 -10 -10 ----------- Run | Yrd Mat Min Matter Collected 333 | 220 113 . Remotely . | . . . Salvage Created 138 | . 138 . Parts 11 | . 11 . Haulers Intercepted . | . . . Recyclers Shooed . | . . . Parts Field Recycled . | . . . Retrieved Matter . | . . . Parts Self-Destructed . | . . . Prevented . | . . . Kills | -11 -10 -10 ------- Run | Yrd Mat Min Combat Hostiles Destroyed 5 | . 5 . Guns 5 | . 5 . Classes Destroyed 2 | . 2 . Swarmer 3 | . 3 . Grunt 2 | . 2 . Best Kill Streak 3 | . 3 . Combat Bots Only 3 | . 3 . Max Kills in Single Turn 1 | . 1 . Gunslinging . | . . . Exploded . | . . . Melee . | . . . Uniques/NPCs Destroyed . | . . . Combat | -11 -10 -10 -------- Run | Yrd Mat Min Hostile Shots Fired 113 | . 50 63 Missed 31 | . 13 18 Damage Taken 1018 | . 434 584 Core 258 | . 87 171 Absorbed by Shields . | . . . Core Remaining (%) 100 | 100 . . Volleys Fired 34 | . 18 16 Largest 2 | . 2 2 Hottest 60 | . 60 40 Shots Fired 65 | . 36 29 Gun 65 | . 36 29 Cannon . | . . . Launcher . | . . . Special . | . . . Kinetic 47 | . 18 29 Thermal 18 | . 18 . Explosive . | . . . Electromagnetic . | . . . Robot Hit Streak 12 | . 12 8 Robot Miss Streak 5 | . 5 2 Penetration Max . | . . . Secondary Targets . | . . . Shots Hit Robots 37 | . 19 18 Core Hits 14 | . 10 4 Critical Kills . | . . . Critical Parts Destroyed . | . . . Critical Strikes . | . . . Melee Attacks . | . . . Impact . | . . . Slashing . | . . . Piercing . | . . . Sneak Attacks . | . . . Combat Hostiles . | . . . Follow-up Attacks . | . . . Damage Inflicted 333 | . 194 139 Guns 333 | . 194 139 Cannons . | . . . Explosions . | . . . Melee . | . . . Ramming . | . . . Kinetic 209 | . 70 139 Thermal 124 | . 124 . Explosive . | . . . Electromagnetic . | . . . Impact . | . . . Slashing . | . . . Piercing . | . . . Highest Corruption . | . . . Average Corruption . | . . . Corruption Purged . | . . . Corruption Blocked . | . . . Overload Shots . | . . . Overflow Damage . | . . . Projectiles . | . . . Explosions . | . . . Melee . | . . . Knockbacks . | . . . Impact . | . . . Kinetic . | . . . Secondary . | . . . Self-Inflicted Damage . | . . . Shots . | . . . Rammed . | . . . Targets Rammed . | . . . Kicked . | . . . Crushed . | . . . Highest Temperature 94 | . 94 31 Average Temperature 25 | . 34 10 Received Heat Transfer 552 | . 180 372 Siege Activations . | . . . Robots Corrupted . | . . . Combat Hostiles . | . . . Parts Fried . | . . . Impact Corruptions . | . . . Robots Melted . | . . . Combat Hostiles . | . . . Parts Melted . | . . . Heat Transferred 275 | . 275 . Parts Sabotaged . | . . . Parts Stolen . | . . . Parts Stripped . | . . . Power Chain Reactions . | . . . Alert | -11 -10 -10 ------- Run | Yrd Mat Min Peak Influence 105 | . 105 40 Initial 40 | . . 40 Average 29 | . 38 35 Maximum Alert Level . | . . . Low Security (%) 100 | 100 100 100 Level 1 . | . . . Level 2 . | . . . Level 3 . | . . . Level 4 . | . . . Level 5 . | . . . High Security . | . . . Max Security . | . . . Squads Dispatched 2 | . 2 . Investigation 1 | . 1 . Extermination . | . . . Reinforcement 1 | . 1 . Assault . | . . . Garrison . | . . . Intercept . | . . . Searches Triggered . | . . . Construction Impeded . | . . . Haulers Reinforced . | . . . Active Scanning Responses . | . . . Cargo Convoy Interrupts . | . . . Stealth | -11 -10 -10 --------- Run | Yrd Mat Min Distress Signals . | . . . Communications Jammed . | . . . Distress Signals . | . . . Times Spotted 19 | . 17 2 Peak Tracking Total 8 | . 8 2 Tactical Retreats 3 | . 3 . Traps | -11 -10 -10 ------- Run | Yrd Mat Min Traps Triggered 1 | . 1 . Indirectly . | . . . Trap Hack Attempts . | . . . Triggered . | . . . Disarmed . | . . . Reprogrammed . | . . . Reused . | . . . Traps Extracted . | . . . Installed . | . . . Triggered . | . . . Machines | -11 -10 -10 ---------- Run | Yrd Mat Min Machines Disabled . | . . . Max in Single Turn . | . . . Machines Repaired . | . . . Machines Dismantled . | . . . Machines Sabotaged . | . . . Overloaded Fab Kills . | . . . Hacking | -11 -10 -10 --------- Run | Yrd Mat Min Machines Accessed . | . . . Terminals . | . . . Fabricators . | . . . Repair Stations . | . . . Recycling Units . | . . . Scanalyzers . | . . . Garrison Access . | . . . Total Hacks . | . . . Successful . | . . . Failed . | . . . Catastrophic . | . . . Database Lockouts . | . . . Manual . | . . . Terminals . | . . . Fabricators . | . . . Repair Stations . | . . . Recycling Units . | . . . Scanalyzers . | . . . Garrison Access . | . . . Terminal Hacks . | . . . Fabricator Hacks . | . . . Repair Station Hacks . | . . . Recycling Unit Hacks . | . . . Scanalyzer . | . . . Garrison Access Hacks . | . . . Unauthorized Hacks . | . . . Terminals . | . . . Fabricators . | . . . Repair Stations . | . . . Recycling Units . | . . . Scanalyzers . | . . . Garrison Access . | . . . Data Cores Recovered . | . . . Used . | . . . Hacking Detections . | . . . Full Trace Events . | . . . Feedback Events . | . . . Feedback Blocked . | . . . Robot Schematics Acquired . | . . . Robots Built . | . . . Authchips . | . . . Time . | . . . Total Robot Build Rating . | . . . Part Schematics Acquired . | . . . Parts Built . | . . . Authchips . | . . . Time . | . . . Total Part Build Rating . | . . . Parts Repaired . | . . . Time . | . . . Parts Recycled . | . . . Recycled Matter . | . . . Retrieved Matter . | . . . Retrieved Components . | . . . Parts Scanalyzed . | . . . Part Schematics Acquired . | . . . Parts Damaged . | . . . Bothacking | -11 -10 -10 ------------ Run | Yrd Mat Min Used RIF Installer . | . . . Robots Hacked . | . . . Non-combat . | . . . Combat . | . . . Robot Hacks Applied . | . . . Relay Couplers Released . | . . . Fabnet Peak Effective % . | . . . Robots Rewired . | . . . Allies Hacked . | . . . Hacks Repelled . | . . . Allies | -11 -10 -10 -------- Run | Yrd Mat Min Total Allies . | . . . Largest Group . | . . . Highest-Rated Group . | . . . Highest-Rated Ally . | . . . Total Orders . | . . . Ally Attacks . | . . . Total Damage . | . . . Kills . | . . . Allies Corrupted . | . . . Allies Melted . | . . . Intel | -11 -10 -10 ------- Run | Yrd Mat Min Robot Analysis Total . | . . . Derelict Logs Recovered . | . . . Drone Launches . | . . . Drone Recoveries . | . . . Exploration | -11 -10 -10 ------------- Run | Yrd Mat Min Turns Passed 1179 | 256 660 263 Spaces Moved 352 | 90 199 63 Core 9 | 7 . 2 Treads . | . . . Legs 343 | 83 199 61 Wheels . | . . . Hover . | . . . Flight . | . . . Fastest Speed 50 | 50 120 330 Average Speed 260 | 114 290 370 Slowest Speed 1500 | 120 400 1500 Overloaded Moves . | . . . Propulsion Burnouts . | . . . Robots Hopped . | . . . Cave-ins Triggered . | . . . Exploration Rate (%) 22 | 8 30 28 Regions Visited 2 Branch Regions 1 Pre-discovered Areas . | . . . Known Exits Taken . | . . . Unknown Exits Taken 2 | 1 1 . Scrap Searched . | . . . Spaces Dug . | . . . Terrain Destroyed . | . . . Melee . | . . . Projectile . | . . . AOE . | . . . Terrain Rammed . | . . . Walls Destroyed . | . . . Machines Disabled . | . . . Actions | -11 -10 -10 --------- Run | Yrd Mat Min Total 572 | 243 250 79 Wait 146 | 140 6 . Move 350 | 89 198 63 Hop . | . . . Pick Up 23 | 8 15 . Fast Attach . | . . . Attach 11 | 6 5 . Detach . | . . . Swap 3 | . 3 . Drop 5 | . 5 . Fire 34 | . 18 16 Melee . | . . . Ram . | . . . Kick . | . . . Crush . | . . . Escape Stasis . | . . . Rewire . | . . . Trap . | . . . Miscellaneous . | . . . Route ------- -11/Scrapyard -10/Materials (discovered 2 exits: [*Min x2]) -10/Mines History --------- Turn | Location | Event 14 | -11/Scrapyard | Discovered new exit (range 16) 257 | -11/Scrapyard | Entered Materials 312 | -10/Materials | Build established: Mutant 447 | -10/Materials | Discovered new exit (range 12) 867 | -10/Materials | Discovered new exit (range 16) 917 | -10/Materials | Entered Mines 1141 | -10/Mines | Core integrity fell below 50% 1167 | -10/Mines | Core integrity fell below 20% 1180 | -10/Mines | Destroyed by G-34 Mercenary with Small Laser Last Messages --------------- 00893_ U-05 Engineer lays Concrete. 00894_ ALERT: Hostiles spotted, dispatching reinforcements to Terminal M004. 00894_ U-05 Engineer lays Concrete. LOCATION=UNKNOWN GOAL=ESCAPE Something is scanning the area. 00918_ K-01 Serf collects debris. 00991_ T-07 Excavator is excavating. 00994_ K-01 Serf collects debris. 01124_ Laser Drill disabled. 01146_ Lgt. Assault Rifle destroyed. 01150_ Laser Drill disabled. 01152_ Aluminum Leg destroyed. 01156_ Critical hit (Burn: +37). 01156_ Lgt. Assault Rifle destroyed. 01158_ Imp. Aluminum Leg destroyed. 01160_ Structural Scanner destroyed. 01164_ Critical hit (Burn: +37). 01176_ Hvy. Ion Engine destroyed. Map ----- +----------------------------------------------------+ | | | | | | | | | | | | | | | | | | | | | | | | | | | | | | | | | ???????###################?????????????? | | ???????###################?????????????? | | ??????? ?????????????? | | ???????? ???????????????? | | ???????" """ """ """ """???????????????? | | ??????"" """ """ """ """ "?????????????? | | ??## """ """ " g""" """ """???????????? | | ??## g ??????? | | ??## """ """ """ """ """???????????? | | ??## """ """ ""@ """ """ ""? ##????????? | | ??## """ """ """ """ """ """ ##????????? | | ??## r ##????????? | | ??## ##????????? | | ??## ##????????? | | ??############# ################??????? | | ??############# ### ############?????? | | ???????######## ## ## ##?????? | | ???????### ## # #?????? | | ???????## ##???????????? | | ???????### ## ###???????????? | | ???????#### # #### ?? ##????????????? | | ????????#### ####??????????????????? | | ?????????#### ##????????????????????? | | ??????????### ####????????????????????? | | ???????????## ####????????????????????? | | ???????????## ####????????????????????? | | ???????????## ######??????????????????? | | ???????????## #########?????????????? | | ???????????## #######?????????????? | | ???????????## ##?????????????? | | ??????####### ##?????????????? | | ??????####### ###?????????????? | | ??????## ####?????????????? | | ??????### ####### ##????????? | +----------------------------------------------------+ Best States ------------- Heat Dissipation 25 Energy Generation 14 Energy Capacity 280 Matter Stores 300 Matter Capacity 300 Sight Range 16 Terrain Scan Density 10 Evasion (%) 55 Item Schematics ----------------- None Robot Schematics ------------------ None Fabricated ------------ Nothing Alien Tech Used ----------------- None Achievements -------------- None Challenges ------------ None Game ------ Seed LayeredGravityStabilizer Manual? 0 Play Time 00:07:58 Cumulative 3.2 hours Start 2024.05.07 @ 00:25:12 End 2024.05.07 @ 00:38:30 Sessions 1 Manual Loads 0 Difficulty Rogue Special Mode None Game No. 4 Rogue 1 Adventurer 0 Explorer 3 Win Type - Total 0 Types 0/0/0/0/0/0/0/0/0 Lore% 1 Gallery% 11 Achievement% 9 Wizard Run 0 Options --------- Layout 1 ASCII 0 Keyboard 0 Movement Mouse Keybinds 0 Fullscreen 2 Font 32/Cog Map View 50x35 Zoom Use 0% Tactical HUD 1 Map Filters NONE Filters NONE Steam 1 RUN: 71e3e154-48dc-4aee-93a1-45f01c40dd5d